 Dungeon Crawl Stone Soup version 0.30-a0-743-gbfdf073431 (webtiles) character file.

Game seed: 9263622487278909943

1 jimonade the Sneak (level 1, 0/11 HPs)
             Began as a Vine Stalker Brigand on Feb 7, 2023.
             Slain by a goblin
             ... wielding a +0 dagger
              (2 damage)
             ... on level 1 of the Dungeon.
             The game lasted 00:00:09 (42 turns).

jimonade the Sneak (Vine Stalker Brigand)             Turns: 42, Time: 00:00:09

Health: 0/11       AC:  3    Str: 13    XL:     1   Next: 20%
Magic:  0/2        EV: 11    Int: 11    God:
Gold:   1          SH:  0    Dex: 15    Spells: 0/0 levels left

rFire   . . .      SeeInvis .    a - +2 dagger
rCold   . . .      Faith    .    (no shield)
rNeg    . . .      Spirit   +    b - +0 robe
rPois   .          Reflect  .    (no helmet)
rElec   .          Harm     .    c - +0 cloak
rCorr   .          Rampage  .    (no gloves)
Will    .....                    (no boots)
Stlth   +++                      (no amulet)
HPRegen 0.21/turn                (no ring)
MPRegen 0.08/turn                (no ring)

@: no status effects
A: fangs 2, magic shield, antimagic bite, no potion heal 2
a: no special abilities


You were on level 1 of the Dungeon.
You visited 1 branch of the dungeon, and saw 1 of its levels.

You collected 1 gold pieces.

Inventory:

Hand Weapons
 a - a +2 dagger (weapon)
Missiles
 d - 9 poisoned darts (quivered)
 e - 3 curare-tipped darts
Armour
 b - a +0 robe (worn)
 c - a +0 cloak (worn)


   Skills:
 + Level 1.7 Fighting
 * Level 1.7 Short Blades
 + Level 1.7 Throwing
 + Level 0.7 Dodging
 + Level 4.9 Stealth


You couldn't memorise any spells.
You didn't know any spells.
Your spell library was empty.

Dungeon Overview and Level Annotations

Branches:
Dungeon (1/15)

Altars:


Innate Abilities, Weirdness & Mutations

You have extremely sharp teeth.
When hurt, damage is shared between your health and your magic reserves.
Your bite disrupts and absorbs the magic of your enemies.
Potions cannot restore your health.


Message History

You now have 1 gold piece.
You open the door.
There is an open door here.
You open the door.
There is an open door here.
A rat comes into view.
A rat is nearby!
The rat closely misses you.
You hit the rat. You bite the rat.
You kill the rat!
No target in view!
Found a whip.
An endoplasm comes into view.
A goblin comes into view. It is wielding a +0 dagger.
A bat and a giant cockroach come into view.
The helpless bat fails to defend itself.
You impale the bat!!
You kill the bat!
A gnoll comes into view. It is wielding a +0 spear.
The gnoll shouts!
The endoplasm quivers.
The endoplasm freezes you.
You are frozen.
You hit the endoplasm.
The endoplasm is lightly wounded.
The endoplasm barely misses you.
You hit the endoplasm.
The endoplasm is almost dead.
The endoplasm freezes you.
You are frozen.
The gnoll hits you from afar with a +0 spear.
* * * LOW HITPOINT WARNING * * *
You are too injured to fight recklessly!
You are too injured to fight recklessly!
You are too injured to fight recklessly!
The goblin attacks as you move away! The goblin hits you but does no damage.
The endoplasm attacks as you move away! The endoplasm barely misses you.
The gnoll misses you.
You hit the gnoll but do no damage. The goblin hits you with a +0 dagger.
You die...

####### #.....#
#.....######
###.#.#......###
#.....Jg#....).B
...#.#@#..##.#
#......g.#.##.#
#.#..#.#.#.##.#
###...##.##.#####
#### #.##.##..
#.##.##.#
#.##.##.#######
#..............
#..#....##.####


You could see a gnoll, an endoplasm and a goblin.

Vanquished Creatures
  A bat (D:1)
  A rat (D:1)
2 creatures vanquished.

Notes
Turn   | Place    | Note
-------+----------+-------------------------------------------
     0 | D:1      | jimonade the Vine Stalker Brigand began the quest for the
                  | Orb.
     0 | D:1      | Reached XP level 1. HP: 11/11 MP: 2/2
    42 | D:1      | Slain by a goblin

Illustrated notes

Levels and vault maps discovered:
D:1:      giann_wishing_wells, layout_loops_ring, hex_large,
          chequers_serial_rivers_marsh, hex_tiny

Action                     || total
---------------------------++-------
  Melee: Dagger            ||     5
         Bite              ||     1
   Stab: Sleeping          ||     1
 Armour: Robe              ||     1
  Dodge: Dodged            ||     4

Table legend: (Time is in decaauts)
 A = Elapsed time spent in this place.
 B = Non-inter-level travel time spent in this place.
 C = Inter-level travel time spent in this place.
 D = Time resting spent in this place.
 E = Time spent auto-exploring this place.
 F = Levels seen in this place.
 G = Mean time per level.
                   A        B        C        D        E       F      G
               +--------+--------+--------+--------+--------+-----+--------+
         Total |     41 |     41 |      0 |      0 |     28 |   1 |   41.0 |
       Dungeon |     41 |     41 |      0 |      0 |     28 |   1 |   41.0 |
               +--------+--------+--------+--------+--------+-----+--------+

Top non-repeatable levels by time:
     D:1: 41 daAuts
